 Dungeon Crawl Stone Soup version 0.14-a0-226-gcf818b1 (webtiles) character file.

1339 Leibowitz the Nimble (level 8, -2/72 HPs)
             Began as a Kobold Berserker on Oct 10, 2013.
             Was an Elder of Trog.
             Slain by an orc wizard
             ... wielding a +0,+0 mace
              (5 damage)
             ... on Level 5 of the Dungeon.
             The game lasted 00:19:16 (4996 turns).

Leibowitz the Nimble (Kobold Berserker)             Turns: 4996, Time: 00:19:17

HP  -2/72        AC  4     Str 21      XL: 8   Next: 58%
MP   7/7         EV 22     Int  5      God: Trog [****..]
Gold 233         SH  0     Dex 17      Spells:  0 memorised,  7 levels left

Res.Fire  : . . .   See Invis. : .   i - +1 orc dagger (elec)
Res.Cold  : . . .   Warding    : .   j - +0 elf robe
Life Prot.: . . .   Conserve   : .   (no shield)
Res.Poison: .       Res.Corr.  : .   w - +0 helmet
Res.Elec. : .       Clarity    : .   n - +0 cloak
Sust.Abil.: . .     Spirit.Shd : .   (no gloves)
Res.Mut.  : +       Stasis     : .   (no boots)
Res.Rott. : .       Flight     : .   h - amulet of resist mutation
Saprovore : + + .                    (no ring)
                                     k - ring of sustenance

@: berserking, slowed, slightly resistant to hostile enchantments, extremely
unstealthy
A: disease resistance, carnivore 3, saprovore 2
a: Burn Spellbooks, Berserk, Trog's Hand, Brothers in Arms, Renounce Religion


You were on level 5 of the Dungeon.
You worshipped Trog.
Trog was greatly pleased with you.
You were not hungry.

You visited 1 branch of the dungeon, and saw 5 of its levels.

You collected 213 gold pieces.

Inventory:

Hand weapons
 a - a +0,+0 short sword
 g - a +6,+0 dagger
 i - a +1,+1 orcish dagger of electrocution (weapon)
 s - a +1,+2 dagger of protection
 y - a +0 blowgun
Missiles
 e - 6 tomahawks (quivered)
Armour
 j - a +0 elven robe (worn)
 n - a +0 cloak (worn)
 w - a +0 helmet (worn)
Magical devices
 t - a wand of magic darts (11)
Comestibles
 c - a meat ration
Scrolls
 d - 2 scrolls of fog
 o - 4 scrolls of identify
 q - a scroll of remove curse
 r - a scroll of enchant weapon II
Jewellery
 f - an uncursed ring of teleportation
 h - an amulet of resist mutation (around neck)
 k - a ring of sustenance (left hand)
Potions
 p - a potion of restore abilities
 v - 4 potions of curing


   Skills:
 * Level 4.7 Fighting
 + Level 5.5 Short Blades
 + Level 1.3 Throwing
 - Level 1.5 Armour
 * Level 9.4 Dodging
 * Level 5.0 Stealth


You had 7 spell levels left.
You didn't know any spells.

Dungeon Overview and Level Annotations

Branches:
Dungeon (5/27)             Temple (0/1) D:4

Altars:
Cheibriados

Shops:
D:4 +


Innate Abilities, Weirdness & Mutations

You recuperate from illness quickly.
You are small and have problems with some larger weapons.
You are carnivorous and can eat meat at any time.
You can eat rotten meat.


Message History

The orc wizard points at you and mumbles some strange words.
The magic dart hits you!
* * * LOW HITPOINT WARNING * * *
The orc completely misses you. The orc wizard casts a spell at you.
You feel as though you will be slow longer.
You puncture the orc wizard!
The orc wizard is heavily wounded.
The orc wizard hits you but does no damage.
The orc closely misses you. The orc wizard barely misses you.
You miss the orc wizard.
The orc wizard is heavily wounded.
The orc wizard closely misses you. The orc wizard completely misses you.
You slash the orc wizard!
You kill the orc wizard!
Trog accepts your kill.
Trog appreciates your killing of a magic user.
Your Stealth skill increases to level 5!
The orc barely misses you. The orc wizard hits you with a mace.
You die...

......................
##.#...###.##.....########..
.....................)......
#...#...##.....##.##...#####
#)..#...##.....##.# ...###
##.##...#......##.###....#
#.######...#####........#
##.#### #....####o.......#
................@o........
..########...#..))####.###
..#####....###....# #
...................
....###....######.## ....# .
..# ....# ### .#### .#


You could see an orc wizard and an orc.

Vanquished Creatures
  The ghost of elenap21 the Insei, an average DrTm (D:4)
  Eustachio (D:4)
  An ogre (D:4)
  A centaur (D:3)
  A crimson imp (D:4)
  An orc priest (D:5)
  7 orc wizards
  A hound (D:5)
  A scorpion (D:4)
  6 worker ants
  3 adders
  A worm zombie (D:5)
  2 giant mites
  A goliath beetle zombie (D:5)
  A white imp (D:4)
  2 worms
  A giant eyeball (D:4)
  3 giant geckos
  3 orcs
  4 ball pythons
  7 bats
  4 giant cockroaches
  11 goblins
  9 hobgoblins
  6 jackals (D:4)
  3 quokkas
  6 giant newts
  15 kobolds
  A kobold skeleton (D:4)
  11 rats
115 creatures vanquished.

Notes
Turn   | Place    | Note
--------------------------------------------------------------
     0 | D:1      | Leibowitz, the Kobold Berserker, began the quest for the Orb.
     0 | D:1      | Reached XP level 1. HP: 14/14 MP: 0/0
   257 | D:1      | Reached XP level 2. HP: 8/19 MP: 1/1
   908 | D:1      | Acquired Trog's second power
  1071 | D:1      | Reached XP level 3. HP: 21/24 MP: 2/2
  1275 | D:1      | Reached skill level 1 in Stealth
  2071 | D:2      | Reached XP level 4. HP: 28/28 MP: 3/3
  2537 | D:3      | Noticed a centaur
  2542 | D:3      | Killed a centaur
  2542 | D:3      | Reached XP level 5. HP: 33/33 MP: 4/4
  2980 | D:3      | Reached XP level 6. HP: 37/39 MP: 5/5
  3073 | D:3      | Reached skill level 5 in Dodging
  3123 | D:4      | Found a snail-covered altar of Cheibriados.
  3192 | D:4      | Noticed Eustachio
  3193 | D:4      | Noticed elenap21's ghost (average DrTm)
  3507 | D:4      | Killed elenap21's ghost
  3507 | D:4      | Reached skill level 5 in Short Blades
  3507 | D:4      | Reached skill level 6 in Dodging
  3507 | D:4      | Reached XP level 7. HP: 43/43 MP: 6/6
  3525 | D:4      | Found a staircase to the Ecumenical Temple.
  3941 | D:4      | Reached skill level 7 in Dodging
  4066 | D:4      | Paralysed by a potion of paralysis for 6 turns
  4124 | D:4      | Killed Eustachio
  4124 | D:4      | Reached skill level 8 in Dodging
  4124 | D:4      | Reached XP level 8. HP: 48/48 MP: 7/7
  4143 | D:4      | Found Agigg's Book Emporium.
  4237 | D:4      | Reached skill level 1 in Throwing
  4447 | D:4      | Acquired Trog's third power
  4457 | D:4      | Paralysed by a giant eyeball for 4 turns
  4465 | D:4      | Paralysed by a giant eyeball for 4 turns
  4569 | D:5      | Entered Level 5 of the Dungeon
  4697 | D:5      | Reached skill level 9 in Dodging
  4993 | D:5      | HP: 2/72 [orc wizard/magic dart (4)]
  4996 | D:5      | Reached skill level 5 in Stealth
  4996 | D:5      | Slain by an orc wizard

Action                   |  1- 3 |  4- 6 |  7- 9 || total
-------------------------+-------+-------+-------++-------
Melee: Short sword       |   107 |       |       ||   107
       Dagger            |    10 |   141 |   296 ||   447
Throw: Tomahawk          |    10 |     3 |     4 ||    17
Invok: Berserk           |       |     2 |     3 ||     5
       Trog's Hand       |       |       |     1 ||     1
Evoke: Wand              |       |     1 |       ||     1
  Use: Scroll            |       |       |    12 ||    12
       Potion            |       |       |     6 ||     6
 Stab: Sleeping          |     3 |     5 |     5 ||    13
       Distracted        |       |     1 |       ||     1
